 Dungeon Crawl Stone Soup version 0.31-a0-848-gaac375c287 (webtiles) character file.

Game seed: 58272385483087228

359 Dirtsage the Chopper (level 6, -1/70 HPs)
             Began as a Demonspawn Berserker on Oct 4, 2023.
             Was a Believer of Trog.
             Killed by divine providence
             ... invoked by an orc priest
              (12 damage)
             ... on level 5 of the Dungeon.
             The game lasted 00:04:23 (3019 turns).

Dirtsage the Chopper (Demonspawn Berserker)         Turns: 3019, Time: 00:04:24

Health: -1/70      AC:  8    Str: 20    XL:     6   Next: 37%
Magic:  6/6        EV:  8    Int:  8    God:    Trog [**....]
Gold:   161        SH:  0    Dex: 12    Spells: 5/5 levels left

rFire   . . .        a - +0 hand axe
rCold   . . .        (no shield)
rNeg    . . .        o - +0 chain mail
rPois   .            (helmet restricted)
rElec   .            (no cloak)
rCorr   .            (no gloves)
SInv    .            (no boots)
Will    .....        (no amulet) Stlth
                     (no ring)
HPRegen 0.31/turn    (no ring)
MPRegen 0.10/turn

%: no passive effects
@: berserking (expiring), very quick
A: antennae 2
a: Renounce Religion, Berserk, Trog's Hand


You were on level 5 of the Dungeon.
You worshipped Trog.
Trog was pleased with you.
You visited 1 branch of the dungeon, and saw 5 of its levels.

You collected 161 gold pieces.

Inventory:

Hand Weapons
 a - a +0 hand axe (weapon)
Missiles
 q - a throwing net
Armour
 b - a +0 animal skin
 o - a +0 chain mail (worn)
Jewellery
 c - a ring of flight
 p - a ring of fire
 u - an amulet of magic regeneration
Scrolls
 d - 4 scrolls of blinking {unknown}
 e - 3 scrolls of teleportation {unknown}
 f - a scroll of torment {unknown}
 g - 2 scrolls of immolation {unknown}
 h - 4 scrolls of identify {unknown}
 j - a scroll of butterflies {unknown}
 m - a scroll of poison {unknown}
 n - a scroll of noise {unknown}
 s - a scroll of fear {unknown}
 v - a scroll of revelation {unknown}
Potions
 i - a potion of attraction {unknown}
 k - a potion of brilliance {unknown}
 l - 2 potions of enlightenment {unknown}
 r - a potion of might {unknown}
 t - a potion of magic {unknown}
 w - a potion of haste {unknown}
 x - a potion of heal wounds {unknown}


   Skills:
 - Level 3.0 Fighting
 + Level 6.6 Axes
 - Level 1.7 Armour
 - Level 1.7 Dodging


You had 5 spell levels left.
You didn't know any spells.
Your spell library contained the following spells:

 Spells                   Type           Power      Damage    Failure   Level
 Volatile Blastmotes      Fire/Tloc      0%         2d10      100%        3
 Fulminant Prism          Conj/Hex       0%         3d5       100%        4
 Iskenderun's Mystic Bla  Conj/Tloc      0%         2d3       100%        4


Dungeon Overview and Level Annotations

Branches:
Dungeon (5/15)
 Temple: D:4-7

Altars:
Dithmenos


Innate Abilities, Weirdness & Mutations

You have a pair of antennae on your head.


Message History

You slash the hound!
You kill the hound!
Trog accepts your kill.
You hit the howler monkey. The howler monkey hits you.
You take 1 damage, and have 23/70 hp.
The howler monkey hits you but does no damage.
Things that are here:
a hound corpse; a bullfrog corpse You hit the howler monkey.
The howler monkey is severely wounded.
The howler monkey hits you.
* * * LOW HITPOINT WARNING * * *
You take 2 damage, and have 21/70 hp.
You closely miss the howler monkey.
The howler monkey is severely wounded.
The howler monkey hoots and howls with incredible vigour!
You completely miss the howler monkey.
The howler monkey is severely wounded.
You barely miss the howler monkey.
The howler monkey is severely wounded.
You hit the orc priest.
The howler monkey hoots and howls with incredible vigour!
The orc priest mumbles some strange prayers to Beogh against you.
Beogh smites you!
* * * LOW HITPOINT WARNING * * *
You hear a bark!
You hear a shout!
You take 8 damage, and have 13/70 hp.
You hit the orc priest.
The orc priest is moderately wounded.
You barely miss the howler monkey. The howler monkey hits you.
* * * LOW HITPOINT WARNING * * *
You take 2 damage, and have 11/70 hp.
You hit the orc priest.
The orc priest is heavily wounded.
You slash the howler monkey!
You kill the howler monkey!
Trog accepts your kill.
The orc priest invokes the aid of Beogh against you.
Beogh smites you!
You die...

##...#
#....#
#...##
#...#
#...#
#...#
#...#
#...#
{#.†@#
{#..o#
#...#
#....
##...
#....
#....
#⌠..##


You could see an orc priest.

Vanquished Creatures
  A phantom (D:4)
  A bullfrog (D:5)
  A howler monkey (D:5)
  A hound (D:5)
  A gnoll bouda (D:4)
  An iguana (D:5)
  3 gnolls (D:4)
  2 adders
  3 worms
  5 dart slugs
  2 orcs
  6 endoplasms
  2 giant cockroaches
  5 goblins
  3 hobgoblins
  6 jackals
  2 quokkas
  9 ball pythons
  3 bats
  4 frilled lizards (D:1)
  6 kobolds
  4 rats
71 creatures vanquished.

Notes
Turn   | Place    | Note
-------+----------+-------------------------------------------
     0 | D:1      | Dirtsage the Demonspawn Berserker began the quest for the
                  | Orb.
     0 | D:1      | Reached XP level 1. HP: 18/18 MP: 1/1
    41 | D:1      | Reached skill level 3 in Axes
   222 | D:1      | Gained mutation: You have a pair of small antennae on your
                  | head. [demonic ancestry]
   222 | D:1      | Reached XP level 2. HP: 13/24 MP: 2/2
   845 | D:2      | Reached XP level 3. HP: 23/29 MP: 3/3
   967 | D:2      | Reached skill level 4 in Axes
  1028 | D:2      | Reached ** piety under Trog
  1631 | D:3      | Gained mutation: You have a pair of antennae on your head.
                  | [demonic ancestry]
  1631 | D:3      | Reached XP level 4. HP: 35/35 MP: 4/4
  1834 | D:3      | Identified the +5 whip of Xaan {drain, *Rage rC+ Str+3}
  1858 | D:3      | Found a shadowy altar of Dithmenos.
  2309 | D:4      | Reached skill level 5 in Axes
  2309 | D:4      | Reached XP level 5. HP: 27/41 MP: 5/5
  2443 | D:4      | Noticed a phantom
  2463 | D:4      | Killed a phantom
  2464 | D:4      | Reached skill level 6 in Axes
  2793 | D:5      | Entered Level 5 of the Dungeon
  2876 | D:5      | Reached XP level 6. HP: 19/47 MP: 6/6
  3019 | D:5      | Killed from afar by an orc priest

Illustrated notes

Levels and vault maps discovered:
D:1:      psy_arrival_terrarium, layout_basic
D:2:      layout_basic
D:3:      layout_loops_cross, nicolae_dithmenos_the_darkroom
D:4:      layout_rooms
D:5:      kennysheep_spiral_hall, layout_rooms,
          mainiacjoe_overflow_small_starburst, uniq_grinder

Skill      XL: |  1  2  3  4  5 |
---------------+----------------+-----
Axes           | 3 4 5 6 |  6.6
Fighting       | |  3.0
Armour         | |  1.7
Dodging        | |  1.7

Action                     |  1- 3 |  4- 6 || total
---------------------------+-------+-------++-------
  Melee: Hand axe          |   109 |   138 ||   247
         Punch             |     1 |     2 ||     3
 Invoke: Berserk           |     3 |     2 ||     5
    Use: Potion            |     1 |       ||     1
   Stab: Sleeping          |     2 |       ||     2
 Armour: Animal skin       |    49 |     3 ||    52
         Chain mail        |       |   117 ||   117
  Dodge: Dodged            |    69 |    62 ||   131

Table legend: (Time is in decaauts)
 A = Elapsed time spent in this place.
 B = Non-inter-level travel time spent in this place.
 C = Inter-level travel time spent in this place.
 D = Time resting spent in this place.
 E = Time spent auto-exploring this place.
 F = Levels seen in this place.
 G = Mean time per level.
                   A        B        C        D        E       F      G
               +--------+--------+--------+--------+--------+-----+--------+
         Total |   3065 |   2977 |     88 |    173 |   2312 |   5 |  613.0 |
       Dungeon |   3065 |   2977 |     88 |    173 |   2312 |   5 |  613.0 |
               +--------+--------+--------+--------+--------+-----+--------+

Top non-repeatable levels by time:
     D:1: 848 daAuts
     D:2: 719 daAuts
     D:3: 660 daAuts
     D:4: 614 daAuts
     D:5: 222 daAuts
